Map: Prion Terraces

Players

Killstrife - Winner!

  • Race: Zerg Zerg
  • League: Diamond

LilDicky

  • Race: Terran Terran
  • League: Diamond

VOD

http://www.twitch.tv/tumescentpie

Description

Time

  • Played on: Dec. 7, 2015, 9:45 a.m.
  • Length: 9:20
Show
View Real Time Build Order
Export as new Build Order

Killstrife Zerg - Winner!

Build Orders: Hatch First 

Get SALT Encoding   

  12  0:01  Drone  
  13  0:12  Overlord  
  13  0:17  Drone  
  14  0:31  Drone x2  
  16  0:52  Hatchery, Drone  
  16  0:58  Drone  
  17  1:13  Spawning Pool  
  17  1:14  Drone  
  17  1:15  Extractor  
  16  1:19  Drone  
  16  1:23  Drone  
  18  1:30  Overlord  
  18  1:42  Drone  
  19  1:51  Drone  
  20  2:00  Queen  
  22  2:01  Zergling x2  
  22  2:04  Queen  
  22  2:05  Zergling x2  
  26  2:11  Drone  
  27  2:16  Drone  
  27  2:18  Metabolic Boost  
  28  2:24  Drone  
  29  2:31  Drone  
  29  2:35  Drone  
  31  2:39  Drone  
  31  2:42  Queen  
  34  2:45  Drone  
  34  2:48  Drone  
  36  2:53  Overlord  
  36  3:00  Extractor  
  36  3:01  Drone  
  37  3:13  Drone  
  37  3:14  Drone x5  
  37  3:15  Hatchery, Drone  
  43  3:24  Baneling Nest  
  42  3:31  Extractor  
  42  3:34  Drone x3  
  42  3:40  Overlord x2  
  44  3:58  Hatchery  
  44  4:01  Zergling x12  
  49  4:13  Zergling x4  
  51  4:20  Overlord x3  
  51  4:21  Overlord x2  
  50  4:34  Lair  
  48  4:40  Zergling x10  
  48  4:41  Zergling x2  
  53  4:55  Drone x8  
  53  4:56  Extractor  
  49  5:15  Zergling x14  
  55  5:22  Queen x3  
  58  5:29  Drone  
  58  5:30  Drone x7  
  63  5:50  Drone x8  
  63  5:53  Extractor x2  
  69  5:57  Queen  
  69  5:58  Spire  
  70  6:05  Extractor  
  69  6:20  Hatchery  
  69  6:23  Queen  
  69  6:24  Queen x2  
  74  6:31  Zergling x16  
  74  6:32  Zergling x8  
  69  6:51  Zergling x2  
  69  6:52  Zergling x8  
  69  6:53  Queen  
  68  6:59  Queen x2  
  64  7:11  Mutalisk x5  
  68  7:23  Mutalisk x3  
  68  7:29  Zergling x8  
  74  7:35  Zergling x2  
  71  7:51  Zergling x2  
  71  7:52  Zergling x16  
  71  7:57  Drone x2  
  80  8:01  Zergling x6  
  80  8:03  Queen x4  
  80  8:04  Queen  
  93  8:06  Mutalisk  
  93  8:09  Mutalisk x4  
  103  8:16  Overlord  
  103  8:29  Mutalisk x3  
  103  8:33  Zergling x2  
  110  8:35  Overlord x5  
  110  8:42  Zergling x2  
  110  8:43  Zergling x8  
Show
View Real Time Build Order
Export as new Build Order

LilDicky Terran 

Build Orders: Liberator Opening 

Get SALT Encoding   

  12  0:01  SCV  
  13  0:13  SCV  
  14  0:18  Supply Depot  
  14  0:25  SCV  
  15  0:29  Refinery  
  15  0:40  SCV  
  16  0:45  Barracks  
  16  0:52  SCV  
  18  1:04  SCV, Refinery  
  18  1:16  SCV  
  19  1:32  Supply Depot  
  20  1:35  Orbital Command  
  20  1:38  Marine  
  20  1:44  Factory  
  20  2:02  SCV  
  20  2:05  Barracks Reactor  
  21  2:14  SCV  
  22  2:28  SCV  
  23  2:30  Armory, Starport  
  23  2:31  Factory Tech Lab  
  23  2:39  Supply Depot  
  23  2:42  SCV, Marine x2  
  26  2:55  SCV  
  27  3:00  Marine x2  
  29  3:07  SCV  
  30  3:16  Thor  
  30  3:19  SCV  
  37  3:20  Medivac  
  39  3:32  Supply Depot  
  39  3:37  Liberator  
  39  3:46  Supply Depot  
  39  3:54  SCV, Marine x2  
  45  4:06  SCV  
  46  4:11  Marine x2  
  46  4:15  Siege Tank  
  51  4:18  SCV  
  51  4:20  Supply Depot  
  52  4:39  SCV  
  53  4:57  SCV  
  53  5:03  Liberator  
  47  5:16  SCV  
  47  5:17  Marine x2  
  47  5:18  Thor  
  56  5:36  Command Center  
  56  5:48  Marine  
  57  5:51  SCV  
  58  6:03  SCV, Marine  
  60  6:13  Command Center x2  
  60  6:16  SCV  
  55  6:41  Marine  
  56  6:55  SCV, Thor  
  59  7:12  SCV  
  60  7:20  Liberator  
  58  7:44  Thor  
  61  7:56  Orbital Command x2  
  52  8:02  Factory  
  52  8:09  SCV, Engineering Bay  
  53  8:21  SCV  
  53  8:23  Refinery  
  49  8:33  SCV, Orbital Command  
  48  8:37  Refinery  
  48  8:45  SCV  
  48  8:46  Factory Tech Lab  
  49  9:02  Missile Turret  
  49  9:05  Missile Turret  
  49  9:07  Factory Tech Lab  
Tags
 
Add a new tag
Caveats
  • Supply blocks, unpowered buildings, or Contaminate may cause inaccurate times.
  • Supply counts are checked every 10 seconds.